 Dungeon Crawl Stone Soup version 0.20.1-1-g8b1a95d (webtiles) character file.

1145 letownia2 the Grave Robber (level 8, 0/72 HPs)
             Began as a Deep Dwarf Necromancer on Nov 4, 2017.
             Was an Initiate of Gozag.
             Slain by a wyvern zombie (3 damage)
             ... on level 6 of the Dungeon.
             The game lasted 00:14:22 (5983 turns).

letownia2 the Grave Robber (Deep Dwarf Necromancer) Turns: 5983, Time: 00:14:23

Health: 0/72       AC: 11    Str: 12    XL:     8   Next: 15%
Magic:  13/15      EV: 11    Int: 18    God:    Gozag
Gold:   210        SH:  0    Dex: 13    Spells: 12/16 levels left

rFire    . . .     SeeInvis .   a - +0 dagger
rCold    . . .     Gourm    .   (no shield)
rNeg     + . .     Faith    .   w - +3 ring mail
rPois    .         Spirit   .   y - +0 helmet
rElec    .         Reflect  .   (no cloak)
rCorr    +         Harm     .   o - +0 pair of gloves
MR       +....                  E - +0 pair of boots
Stlth    +.........             (no amulet)
Regen    0.0/turn               t - ring of resist corrosion
MPRegen  0.2/turn               I - ring of positive energy

@: gold aura, non-regenerating
A: damage resistance, heal wounds, sense surroundings 1, no regeneration
a: Heal Wounds, Potion Petition, Call Merchant, Bribe Branch, Renounce Religion


You were on level 6 of the Dungeon.
You worshipped Gozag.
Gozag was aware of your devotion.
You were full.

You visited 1 branch of the dungeon, and saw 7 of its levels.

You collected 922 gold pieces.
You paid 712 gold pieces to Gozag.

Inventory:

Hand Weapons
 a - a +0 dagger (weapon)
Armour
 o - a +0 pair of gloves (worn)
 v - a +2 buckler
 w - a +3 ring mail (worn)
 x - a +1 ring mail of cold resistance
 y - a +0 helmet (worn)
 E - a +0 pair of boots (worn)
Jewellery
 t - a ring of resist corrosion (left hand)
 I - a ring of positive energy (right hand)
Wands
 z - a wand of lightning (4/15)
 F - a wand of lightning (7/15)
Scrolls
 i - 2 scrolls of remove curse {unknown}
 j - 5 scrolls of teleportation
 m - 4 scrolls of identify
 n - a scroll of fog {unknown}
 s - 3 scrolls of magic mapping {unknown}
 C - a scroll of blinking {unknown}
 D - 2 scrolls of immolation {unknown}
 H - a scroll of enchant armour {unknown}
Potions
 d - a potion of resistance {unknown}
 e - a potion of brilliance {unknown}
 g - 4 potions of curing {unknown}
 h - a potion of ambrosia {unknown}
 k - 2 potions of flight {unknown}
 l - a potion of degeneration {unknown}
 p - 3 potions of might {unknown}
 q - a potion of lignification {unknown}
 r - 2 potions of haste {unknown}
 u - 2 potions of mutation {unknown}
 A - 2 potions of cancellation {unknown}
 B - a potion of heal wounds {unknown}
Books
 b - a book of Necromancy

   Spells                             Type                      Level
   a - Pain                           Necromancy                   1
   b - Animate Skeleton               Necromancy                   1
   c - Vampiric Draining              Necromancy                   3
   d - Regeneration                   Charms/Necromancy            3
   e - Animate Dead                   Necromancy                   4
   f - Control Undead                 Necromancy                   4
Comestibles
 c - 5 bread rations
 f - 2 meat rations
 G - a royal jelly


   Skills:
 + Level 4.1 Fighting
 - Level 2.5 Armour
 - Level 2.1 Dodging
 - Level 2.4 Stealth
 - Level 4.7 Spellcasting
 - Level 7.9 Necromancy


You had 12 spell levels left.
You knew the following spells:

 Your Spells              Type           Power        Failure   Level  Hunger
a - Pain                  Necr           ####         1%          1    None
v - Vampiric Draining     Necr           ####......   3%          3    ###....


Dungeon Overview and Level Annotations

Branches:
Dungeon (7/15)
 Temple: D:4-7

Altars:
Gozag
Vehumet

Shops:
D:6 %[

Annotations:
D:4 Grinder


Innate Abilities, Weirdness & Mutations

You are resistant to damage.
You can heal yourself by infusing magical energy.
You passively map a small area around you.
You do not regenerate.


Message History

* * * LOW HITPOINT WARNING * * *
You hit the wyvern zombie but do no damage.
The wyvern zombie is lightly damaged.
The wyvern zombie bites you but does no damage.
Unknown command.
Okay, then.
Put on which piece of jewellery? (? for menu, Esc to quit)
Okay, then.
Unknown command.
You hit the wyvern zombie.
The wyvern zombie is moderately damaged.
The wyvern zombie bites you but does no damage.
You hit the wyvern zombie but do no damage.
The wyvern zombie is moderately damaged.
The wyvern zombie barely misses you. x2
You hit the wyvern zombie.
The wyvern zombie is moderately damaged.
The wyvern zombie bites you.
You die...
Your body crumbles into a pile of gold.

#......#.#...#.#....
###.....#...#.#...#...
,
.##...................
..................## *
.##.##..#.>#..[...# ,
###........#......#
####........######## *
#..####.#.Z.....# *
#.......#.#@.#.....
#......%..#..# ,... *
** #.........#.!#,, .
, #.........####, ,
#...>.....# * ,
,....#........# * , ,
. *.#........# , ,
,#...........* *
#######..... , ,


You could see a wyvern zombie.

Vanquished Creatures
  An ice beast (D:5)
  2 ogres (D:4)
  2 centaurs
  A scorpion (D:5)
  5 hounds
  A bullfrog skeleton (D:4)
  2 orc priests (D:3)
  2 centaur skeletons (D:5)
  2 iguanas
  2 worker ants
  2 hound skeletons (D:5)
  Robin (D:3)
  4 gnolls (D:5)
  9 adders
  3 shadow imps
  2 worms
  2 dart slugs (D:1)
  3 leopard geckos (D:3)
  5 orcs
  3 giant cockroaches
  14 goblins
  6 hobgoblins
  2 jackals (D:5)
  3 quokkas
  2 ball pythons
  8 bats
  7 frilled lizards
  10 kobolds
  A leopard gecko skeleton (D:4)
  9 rats
116 creatures vanquished.

Vanquished Creatures (others)
  A goblin (D:3)
1 creature vanquished.

Grand Total: 117 creatures vanquished

Notes
Turn   | Place    | Note
-------+----------+-------------------------------------------
     0 | D:1      | letownia2 the Deep Dwarf Necromancer began the quest for the Orb.
     0 | D:1      | Reached XP level 1. HP: 15/15 MP: 3/3
   152 | D:1      | Reached XP level 2. HP: 22/22 MP: 0/5
   473 | D:2      | Found an opulent altar of Gozag.
   473 | D:2      | Found a radiant altar of Vehumet.
   528 | D:2      | Became a worshipper of Gozag Ym Sagoz the Greedy
   674 | D:2      | Reached XP level 3. HP: 28/28 MP: 1/6
   679 | D:2      | Learned a level 3 spell: Vampiric Draining
  1224 | D:2      | Reached XP level 4. HP: 36/36 MP: 6/8
  1314 | D:2      | Reached skill level 5 in Necromancy
  2158 | D:3      | Noticed Robin
  2170 | D:3      | Killed Robin
  2438 | D:3      | Reached XP level 5. HP: 17/42 MP: 0/9
  2470 | D:3      | Reached skill level 6 in Necromancy
  2528 | D:3      | Reached skill level 1 in Armour
  3038 | D:4      | Reached XP level 6. HP: 34/49 MP: 0/10
  3409 | D:4      | Noticed Grinder
  3598 | D:4      | Reached skill level 7 in Necromancy
  3737 | D:4      | Reached XP level 7. HP: 19/55 MP: 6/13
  4119 | D:5      | Entered Level 5 of the Dungeon
  4897 | D:5      | Reached skill level 1 in Fighting
  5388 | D:5      | Reached XP level 8. HP: 43/69 MP: 0/15
  5546 | D:6      | Found Posuif's Food Shop.
  5979 | D:6      | HP: 3/72 [wyvern zombie (7)]
  5983 | D:6      | Slain by a wyvern zombie

Skill      XL: |  1  2  3  4  5  6  7  8 |
---------------+-------------------------+-----
Spellcasting   | 2 3 4 |  4.7
Necromancy     | 5 6 7 |  7.9
Armour         | 2 |  2.5
Fighting       | 3 4 |  4.1
Dodging        | |  2.1
Stealth        | |  2.4

Action                   |  1- 3 |  4- 6 |  7- 9 || total
-------------------------+-------+-------+-------++-------
Melee: Unarmed           |    11 |       |       ||    11
       Dagger            |     4 |    33 |   167 ||   204
 Cast: Pain              |    53 |   112 |    21 ||   186
       Vampiric Draining |       |    15 |    27 ||    42
Invok: Call Merchant     |       |       |     1 ||     1
  Use: Scroll            |       |       |     2 ||     2
  Eat: Royal jelly       |       |     1 |     1 ||     2
       Bread ration      |       |     1 |       ||     1
       Meat ration       |       |     1 |     2 ||     3
       Fruit             |       |       |     2 ||     2
Armor: Leather armour    |    10 |     4 |       ||    14
       Robe              |     1 |       |       ||     1
       Ring mail         |       |    20 |    83 ||   103
Dodge: Dodged            |    29 |    31 |   126 ||   186
